Map: Coda LE (Void)

Players

LarryLove - Winner!

  • Race: Protoss Protoss

Bop

  • Race: Protoss Protoss

VOD

Have the link to the VOD?

Description

Time

  • Played on: May 6, 2015, 6:08 a.m.
  • Length: 5:38
Show
View Real Time Build Order
Export as new Build Order

LarryLove Protoss - Winner!

Build Orders: Oracle Opening, Oracle Opening 

Get SALT Encoding   

  12  0:09  Pylon  
  12  0:14  Probe  
  13  0:26  Probe (Chrono Boost)  
  14  0:33  Gateway  
  14  0:38  Probe (Chrono Boost)  
  15  0:47  Probe (Chrono Boost)  
  15  0:48  Assimilator  
  16  0:52  Assimilator  
  16  0:55  Probe  
  17  1:07  Probe (Chrono Boost)  
  17  1:09  Pylon  
  19  1:18  Probe (Chrono Boost)  
  19  1:21  Cybernetics Core  
  19  1:25  Probe  
  20  1:37  Probe (Chrono Boost)  
  22  1:47  Probe (Chrono Boost)  
  22  1:54  Probe  
  22  1:58  Stargate  
  22  2:00  Stalker  
  25  2:04  Pylon  
  25  2:07  Warp Gate  
  25  2:10  Probe  
  26  2:30  Stalker  
  28  2:40  Gateway  
  28  2:42  Gateway  
  28  2:50  Oracle  
  30  3:09  Probe (Chrono Boost)  
  29  3:27  Probe  
  29  3:28  Oracle  
  30  3:43  Probe (Chrono Boost)  
  27  3:53  Probe (Chrono Boost)  
  28  4:00  Probe (Chrono Boost)  
  29  4:10  Stalker x3  
  29  4:14  Probe (Chrono Boost)  
  33  4:23  Probe (Chrono Boost)  
  33  4:31  Probe (Chrono Boost)  
  33  4:40  Probe  
  34  4:46  Stalker  
  30  4:52  Probe  
  30  4:57  Sentry  
Show
View Real Time Build Order
Export as new Build Order

Bop Protoss 

Build Orders: Mass Adepts 

Get SALT Encoding   

  12  0:01  Probe  
  13  0:16  Pylon  
  13  0:19  Probe  
  14  0:34  Probe (Chrono Boost)  
  15  0:38  Gateway  
  16  0:44  Probe (Chrono Boost)  
  16  0:48  Assimilator  
  16  0:51  Probe  
  17  1:00  Pylon  
  17  1:03  Probe  
  18  1:15  Probe  
  19  1:26  Cybernetics Core  
  19  1:27  Gateway  
  19  1:29  Probe  
  20  2:02  Adept (Chrono Boost)  
  20  2:03  Warp Gate (Chrono Boost)  
  22  2:15  Pylon  
  22  2:17  Gateway x2  
  26  2:23  Adept x2 (Chrono Boost)  
  25  2:43  Adept (Chrono Boost)  
  29  2:47  Pylon  
  29  2:48  Adept (Chrono Boost)  
  29  2:55  Gateway  
  29  3:15  Adept x3  
  33  3:53  Stalker x3  
  33  3:54  Pylon  
  35  3:58  Probe (Chrono Boost)  
  35  4:10  Probe (Chrono Boost)  
  35  4:15  Adept  
  35  4:17  Probe (Chrono Boost)  
  30  4:27  Probe  
  31  4:31  Adept  
  30  4:48  Adept x2  
Tags
 
Add a new tag
Caveats
  • Supply blocks, unpowered buildings, or Contaminate may cause inaccurate times.
  • Supply counts are checked every 10 seconds.